PL
BROOKLYN DODGERS @ CALIFORNIA OCEANLINERS
07/31/2021
 
TOP OF THE 1ST
Brooklyn Dodgers batting - Pitching for California Oceanliners : RHP Lance Hodges
Pitching: RHP Lance Hodges
Batting: LHB Ye Der 0-0: Ground out 6-3 (Groundball, 6M)
Batting: LHB Rubén López 0-0: Ball
1-0: Foul Ball, location: 2F
1-1: Fly out, F3 (Line Drive, 3)
Batting: RHB Thom Wilcox 0-0: Ball
1-0: Ball
2-0: Ball
3-0: Called Strike
3-1: Base on Balls
Batting: LHB Ray Sears 0-0: Foul Ball, location: 2F
0-1: Ball
1-1: Foul Ball, location: 2F
1-2: Strikes out looking
Top of the 1st over - 0 run(s), 0 hit(s), 0 error(s), 1 left on base; Brooklyn 0 - California 0
BOTTOM OF THE 1ST
California Oceanliners batting - Pitching for Brooklyn Dodgers : RHP Devin Hinton
Pitching: RHP Devin Hinton
Batting: RHB Dan Mendoza 0-0: Ball
1-0: Fly out, F7 (Flyball, 7M)
Batting: RHB Bernardo Herrera 0-0: Called Strike
0-1: Called Strike
0-2: Strikes out swinging
Batting: LHB Nick Leonard 0-0: Foul Ball, location: 2F
0-1: Called Strike
0-2: Ball
1-2: Foul Ball, location: 2F
1-2: Ball
2-2: Ground out 4-3 (Groundball, 4)
Bottom of the 1st over - 0 run(s), 0 hit(s), 0 error(s), 0 left on base; Brooklyn 0 - California 0
TOP OF THE 2ND
Brooklyn Dodgers batting - Pitching for California Oceanliners : RHP Lance Hodges
Batting: LHB Tony Dyer 0-0: Called Strike
0-1: SOLO HOME RUN (Flyball, 7D), Distance : 347 ft
Batting: LHB Curt Webb 0-0: Called Strike
0-1: Swinging Strike
0-2: Strikes out looking
Batting: LHB Kelly Brown 0-0: Ball
1-0: Ball
2-0: SINGLE (Line Drive, 56D)
Batting: LHB Pancho García 0-0: Ball
1-0: Called Strike
1-1: Ball
2-1: Fly out, F6 (Popup, 56)
Batting: RHB Sean Davis 0-0: Ball
1-0: Foul Ball, location: 2F
1-1: Called Strike
1-2: Foul Ball, location: 2F
1-2: Foul Ball, location: 2F
1-2: Ball
2-2: Ball
3-2: Fly out, F6 (Popup, 6M)
Top of the 2nd over - 1 run(s), 2 hit(s), 0 error(s), 1 left on base; Brooklyn 1 - California 0
BOTTOM OF THE 2ND
California Oceanliners batting - Pitching for Brooklyn Dodgers : RHP Devin Hinton
Batting: RHB Lawrence Bell 0-0: SINGLE (Flyball, 78S)
Batting: RHB Nathan Clay 0-0: Fly out, F2 (Popup, 2RF)
Batting: RHB Adrian Barr 0-0: Fly out, F9 (Flyball, 89S)
Batting: SHB Ludovico Bluemel 0-0: Called Strike
0-1: Foul Ball, location: 2F
0-2: SINGLE (Groundball, 56D)
Lawrence Bell to second
Batting: RHB Júlio Morín 0-0: Ball
1-0: Called Strike
1-1: Ball
2-1: Ground out 6-3 (Groundball, 6)
Bottom of the 2nd over - 0 run(s), 2 hit(s), 0 error(s), 2 left on base; Brooklyn 1 - California 0
TOP OF THE 3RD
Brooklyn Dodgers batting - Pitching for California Oceanliners : RHP Lance Hodges
Batting: LHB Ye Der 0-0: Ball
1-0: Ball
2-0: Ball
3-0: Base on Balls
Batting: LHB Rubén López 0-0: Ball
1-0: Swinging Strike
1-1: Ball
2-1: Grounds into double play, 4-6-3 (Groundball, 34)
Batting: RHB Thom Wilcox 0-0: Fly out, F4 (Popup, 4MD)
Top of the 3rd over - 0 run(s), 0 hit(s), 0 error(s), 0 left on base; Brooklyn 1 - California 0
BOTTOM OF THE 3RD
California Oceanliners batting - Pitching for Brooklyn Dodgers : RHP Devin Hinton
Batting: RHB Billy Strauss 0-0: Ball
1-0: Foul Ball, location: 2F
1-1: Foul Ball, location: 2F
1-2: Ground out 6-3 (Groundball, 6)
Batting: RHB Dan Mendoza 0-0: Called Strike
0-1: Ball
1-1: Foul Ball, location: 2F
1-2: DOUBLE (Groundball, 5L)
Batting: RHB Bernardo Herrera 0-0: DOUBLE (Line Drive, 78D)
Dan Mendoza scores
Batting: LHB Nick Leonard 0-0: Called Strike
0-1: Called Strike
0-2: Foul Ball, location: 2F
0-2: Ball
1-2: Foul Ball, location: 2F
1-2: Ground out 3-1 (Groundball, 34)
Bernardo Herrera to third
Batting: RHB Lawrence Bell 0-0: Ground out 5-3 (Groundball, 5)
Bottom of the 3rd over - 1 run(s), 2 hit(s), 0 error(s), 1 left on base; Brooklyn 1 - California 1
TOP OF THE 4TH
Brooklyn Dodgers batting - Pitching for California Oceanliners : RHP Lance Hodges
Batting: LHB Ray Sears 0-0: Ball
1-0: SINGLE (Groundball, 34D)
Batting: LHB Tony Dyer 0-0: SINGLE (Line Drive, 4MD)
Ray Sears to second
Batting: LHB Curt Webb 0-0: SINGLE (Groundball, 4MD)
Ray Sears to third
Tony Dyer to second
Batting: LHB Kelly Brown 0-0: Ball
1-0: Called Strike
1-1: Ball
2-1: Fly out, F7 (Flyball, 7M)
Runner from 3rd tags up, SCORES, throw made
Batting: LHB Pancho García 0-0: Ball
1-0: Called Strike
1-1: Called Strike
1-2: Ball
2-2: Ball
3-2: 3-RUN HOME RUN (Flyball, 89XD), Distance : 375 ft
Pitching: RHP Wayne Hayes
Batting: RHB Sean Davis 0-0: Ball
1-0: Ball
2-0: Ball
3-0: Base on Balls
Batting: LHB Ye Der 0-0: Swinging Strike
0-1: Foul Ball, location: 2F
0-2: Ball
1-2: Fly out, F7 (Flyball, 78XD)
Batting: LHB Rubén López 0-0: Called Strike
0-1: Swinging Strike
0-2: Strikes out swinging
Top of the 4th over - 4 run(s), 4 hit(s), 0 error(s), 1 left on base; Brooklyn 5 - California 1
BOTTOM OF THE 4TH
California Oceanliners batting - Pitching for Brooklyn Dodgers : RHP Devin Hinton
Batting: RHB Nathan Clay 0-0: Ball
1-0: Swinging Strike
1-1: Called Strike
1-2: Ball
2-2: Ball
3-2: Strikes out swinging
Batting: RHB Adrian Barr 0-0: Ball
1-0: Ball
2-0: Called Strike
2-1: Called Strike
2-2: Ground out 4-3 (Groundball, 4M)
Batting: SHB Ludovico Bluemel 0-0: Ball
1-0: Ground out U3 (Groundball, 3)
Bottom of the 4th over - 0 run(s), 0 hit(s), 0 error(s), 0 left on base; Brooklyn 5 - California 1
TOP OF THE 5TH
Brooklyn Dodgers batting - Pitching for California Oceanliners : RHP Wayne Hayes
Batting: RHB Thom Wilcox 0-0: Ball
1-0: Called Strike
1-1: Ball
2-1: Ball
3-1: Called Strike
3-2: Fly out, F7 (Line Drive, 7M)
Batting: LHB Ray Sears 0-0: Ball
1-0: Called Strike
1-1: Ball
2-1: Ground out 3-1 (Groundball, 3)
Batting: LHB Tony Dyer 0-0: Ball
1-0: Ball
2-0: Ball
3-0: Foul Ball, location: 2F
3-1: Base on Balls
Batting: LHB Curt Webb 0-0: Called Strike
0-1: Foul Ball, location: 2F
Single, Error in OF, E9, batter to second base
Tony Dyer to third
Batting: LHB Kelly Brown 0-0: Ball
1-0: Ball
2-0: Swinging Strike
2-1: Swinging Strike
2-2: Ball
3-2: Base on Balls
Batting: LHB Pancho García 0-0: Called Strike
0-1: Ball
1-1: Ball
2-1: Fly out, F2 (Popup, 2RF)
Top of the 5th over - 0 run(s), 1 hit(s), 1 error(s), 3 left on base; Brooklyn 5 - California 1
BOTTOM OF THE 5TH
California Oceanliners batting - Pitching for Brooklyn Dodgers : RHP Devin Hinton
Batting: RHB Júlio Morín 0-0: Called Strike
0-1: Foul Ball, location: 2F
0-2: Foul Ball, location: 2F
0-2: Ground out 6-3 (Groundball, 6M)
Batting: RHB Billy Strauss 0-0: Ground out 4-3 (Groundball, 4)
Batting: RHB Dan Mendoza 0-0: Ball
1-0: Ball
2-0: Called Strike
2-1: Foul Ball, location: 2F
2-2: Foul Ball, location: 2F
2-2: Ground out 6-3 (Groundball, 6S)
Bottom of the 5th over - 0 run(s), 0 hit(s), 0 error(s), 0 left on base; Brooklyn 5 - California 1
TOP OF THE 6TH
Brooklyn Dodgers batting - Pitching for California Oceanliners : RHP Wayne Hayes
Batting: RHB Sean Davis 0-0: Foul Ball, location: 2F
0-1: DOUBLE (Flyball, 89M)
Batting: LHB Ye Der 0-0: Ball
1-0: Bunted foul
1-1: Bunted foul
1-2: Ball
2-2: Foul Ball, location: 2F
2-2: Ball
3-2: SINGLE (Groundball, 34D)
Sean Davis to third
Runner from 3rd tries for Home, SAFE, throw made home
Ye Der to second
Batting: LHB Rubén López 0-0: Called Strike
0-1: DOUBLE (Line Drive, 89D)
Ye Der scores
Pitching: LHP Javier Tares
Batting: RHB Thom Wilcox 0-0: Ground out 4-3 (Groundball, 4)
Rubén López to third
Batting: LHB Ray Sears 0-0: Ball
1-0: Fly out, F5 (Popup, 5L)
Batting: LHB Tony Dyer 0-0: Ground out 4-3 (Groundball, 4)
Top of the 6th over - 2 run(s), 3 hit(s), 0 error(s), 1 left on base; Brooklyn 7 - California 1
BOTTOM OF THE 6TH
California Oceanliners batting - Pitching for Brooklyn Dodgers : RHP Devin Hinton
Batting: RHB Bernardo Herrera 0-0: Ball
1-0: Called Strike
1-1: Foul Ball, location: 2F
1-2: Foul Ball, location: 2F
1-2: Ball
2-2: Ball
3-2: DOUBLE (Flyball, 8RD)
Batting: LHB Nick Leonard 0-0: Ball
1-0: Ball
2-0: Called Strike
2-1: Ground out 6-3 (Groundball, 6M)
Bernardo Herrera to third
Batting: RHB Lawrence Bell 0-0: Ball
1-0: Ball
2-0: Ground out 4-3 (Groundball, 4)
Bernardo Herrera scores
Batting: RHB Nathan Clay 0-0: Ball
1-0: Called Strike
1-1: Ball
2-1: Called Strike
2-2: Ball
3-2: Foul Ball, location: 2F
3-2: Foul Ball, location: 2F
3-2: SINGLE (Groundball, 34D)
Batting: RHB Adrian Barr 0-0: Called Strike
0-1: Foul Ball, location: 2F
0-2: Ground out 4-3 (Groundball, 4)
Bottom of the 6th over - 1 run(s), 2 hit(s), 0 error(s), 1 left on base; Brooklyn 7 - California 2
TOP OF THE 7TH
Brooklyn Dodgers batting - Pitching for California Oceanliners : LHP Javier Tares
Batting: LHB Curt Webb 0-0: Called Strike
0-1: Swinging Strike
0-2: Strikes out swinging
Batting: LHB Kelly Brown 0-0: Ball
1-0: Called Strike
1-1: SINGLE (Groundball, 34D)
Batting: LHB Pancho García 0-0: Ground out 4-3 (Groundball, 4)
Kelly Brown to second
Batting: RHB Sean Davis 0-0: Called Strike
0-1: Ball
1-1: Foul Ball, location: 2F
1-2: Strikes out looking
Top of the 7th over - 0 run(s), 1 hit(s), 0 error(s), 1 left on base; Brooklyn 7 - California 2
BOTTOM OF THE 7TH
California Oceanliners batting - Pitching for Brooklyn Dodgers : RHP Devin Hinton
Batting: SHB Ludovico Bluemel 0-0: Ball
1-0: Ball
2-0: Foul Ball, location: 2F
2-1: Fly out, F7 (Flyball, 7D)
Batting: RHB Júlio Morín 0-0: Ball
1-0: SINGLE (Line Drive, 5L)
Batting: RHB Billy Strauss 0-0: Ball
1-0: Called Strike
1-1: Swinging Strike
1-2: Fly out, F8 (Flyball, 78M)
Batting: RHB Dan Mendoza 0-0: Ball
1-0: Fly out, F8 (Flyball, 8RM)
Bottom of the 7th over - 0 run(s), 1 hit(s), 0 error(s), 1 left on base; Brooklyn 7 - California 2
TOP OF THE 8TH
Brooklyn Dodgers batting - Pitching for California Oceanliners : LHP Javier Tares
Batting: LHB Ye Der 0-0: Called Strike
0-1: Ball
1-1: Foul Ball, location: 2F
1-2: SINGLE (Groundball, 23) (infield hit)
Batting: LHB Rubén López 0-0: Sac Bunt - play at first, batter OUT! 2-4
Ye Der to second
Batting: RHB Thom Wilcox 0-0: Called Strike
0-1: Swinging Strike
0-2: Foul Ball, location: 2F
0-2: Ball
1-2: Fly out, F2 (Popup, 2RF)
Batting: LHB Ray Sears 0-0: Swinging Strike
0-1: Called Strike
0-2: Ball
1-2: Ground out 1-3 (Groundball, 13S)
Top of the 8th over - 0 run(s), 1 hit(s), 0 error(s), 1 left on base; Brooklyn 7 - California 2
BOTTOM OF THE 8TH
California Oceanliners batting - Pitching for Brooklyn Dodgers : RHP Devin Hinton
Batting: RHB Bernardo Herrera 0-0: Called Strike
0-1: Foul Ball, location: 2F
0-2: Foul Ball, location: 2F
0-2: Fly out, F3 (Popup, 3)
Batting: LHB Nick Leonard 0-0: Foul Ball, location: 2F
0-1: Ground out U3 (Groundball, 3)
Batting: RHB Lawrence Bell 0-0: Called Strike
0-1: Ball
1-1: Ball
2-1: Foul Ball, location: 2F
2-2: Ball
3-2: Strikes out swinging
Bottom of the 8th over - 0 run(s), 0 hit(s), 0 error(s), 0 left on base; Brooklyn 7 - California 2
TOP OF THE 9TH
Brooklyn Dodgers batting - Pitching for California Oceanliners : LHP Javier Tares
Batting: LHB Tony Dyer 0-0: Ground out 4-3 (Groundball, 4)
Batting: LHB Curt Webb 0-0: Ball
1-0: Called Strike
1-1: Ball
2-1: Ball
3-1: Foul Ball, location: 2F
3-2: Foul Ball, location: 2F
3-2: Ground out 5-3 (Groundball, 15S)
Batting: LHB Kelly Brown 0-0: Called Strike
0-1: Ball
1-1: Ball
2-1: DOUBLE (Line Drive, 9LS)
Pitching: LHP Lee Branch
Batting: LHB Pancho García 0-0: Called Strike
0-1: Foul Ball, location: 2F
0-2: Ball
1-2: Ball
2-2: SINGLE (Flyball, 6MD)
Kelly Brown to third
Runner from 3rd tries for Home, SAFE, no throw or cutoff
Batting: RHB Sean Davis 0-0: Foul Ball, location: 2F
0-1: Ball
1-1: Ball
2-1: Ball
3-1: Base on Balls
Pancho García to second
Batting: LHB Ye Der 0-0: Ball
1-0: Called Strike
1-1: Fly out, F7 (Line Drive, 7M)
Top of the 9th over - 1 run(s), 2 hit(s), 0 error(s), 2 left on base; Brooklyn 8 - California 2
BOTTOM OF THE 9TH
California Oceanliners batting - Pitching for Brooklyn Dodgers : RHP Devin Hinton
Pitching: RHP António Vega
Batting: RHB Nathan Clay 0-0: Called Strike
0-1: Called Strike
0-2: Ball
1-2: Ball
2-2: Foul Ball, location: 2F
2-2: Foul Ball, location: 2F
2-2: Ball
3-2: Foul Ball, location: 2F
3-2: Strikes out swinging
Batting: RHB Adrian Barr 0-0: Ball
1-0: Foul Ball, location: 2F
1-1: Ball
2-1: Swinging Strike
2-2: Strikes out swinging
Batting: SHB Ludovico Bluemel 0-0: DOUBLE (Flyball, 8LM)
Batting: RHB Júlio Morín 0-0: Ball
1-0: Ball
2-0: Ball
3-0: Called Strike
3-1: Fly out, F5 (Popup, 5F)
Bottom of the 9th over - 0 run(s), 1 hit(s), 0 error(s), 1 left on base; Brooklyn 8 - California 2
This league is powered by Out of the Park Baseball, the baseball management simulation game for PC, Mac and Linux
Friday, January 22nd, 2016 - OOTP Baseball 16.9 Build 39